 Dungeon Crawl Stone Soup version 0.31-a0-924-ge39a22a033 (webtiles) character file.

Game seed: 8909734885921777925

716 Pixllover the Digger (level 7, 0/38 HPs)
             Began as a Gargoyle Earth Elementalist on Oct 18, 2023.
             Killed from afar by Dowan (8 damage)
             ... with a stone arrow
             ... on level 5 of the Dungeon.
             The game lasted 00:13:42 (3618 turns).

Pixllover the Digger (Gargoyle Earth Elementalist)  Turns: 3618, Time: 00:13:43

Health: 0/38       AC: 12    Str: 11    XL:     7   Next: 69%
Magic:  8/14       EV: 12    Int: 18    God:
Gold:   227        SH:  0    Dex: 10    Spells: 9/15 levels left

rFire   . . .        c - +0 great sword
rCold   . . .        (shield currently unavailable)
rNeg    + . .        a - +1 robe
rPois   ∞            (no helmet)
rElec   +            x - +0 cloak
rCorr   .            (no gloves)
SInv    .            (no boots)
Will    .....        (no amulet)
Stlth   ++           q - +4 ring of protection
HPRegen 0.26/turn    (no ring)
MPRegen 0.14/turn

%: no passive effects
@: no status effects
A: sickness immunity, AC +4, negative energy resistance 1, electricity
resistance, torment resistance 1, petrification resistance
a: no special abilities


You were on level 5 of the Dungeon.
You visited 1 branch of the dungeon, and saw 5 of its levels.

You collected 227 gold pieces.

Inventory:

Hand Weapons
 c - a +0 great sword (weapon)
Armour
 a - a +1 robe (worn)
 x - a +0 cloak (worn)
Jewellery
 q - a +4 ring of protection (left hand)
 r - a ring of ice
Wands
 g - a wand of flame (9)
 w - a wand of mindburst (4)
Scrolls
 f - 2 scrolls of enchant armour
 m - 2 scrolls of fear {unknown}
 n - a scroll of revelation
 p - 2 scrolls of identify
 v - a scroll of vulnerability
Potions
 b - a potion of magic
 d - a potion of cancellation {unknown}
 e - 2 potions of curing
 h - a potion of ambrosia {unknown}
 i - a potion of brilliance {unknown}
 j - a potion of heal wounds {unknown}
 k - a potion of degeneration {unknown}
 o - a potion of invisibility {unknown}
 s - a potion of attraction {unknown}
 t - a potion of lignification {unknown}
 u - a potion of berserk rage {unknown}


   Skills:
 + Level 1.6 Fighting
 + Level 3.0 Long Blades
 + Level 2.6 Dodging
 + Level 2.6 Stealth
 + Level 4.7 Spellcasting
 + Level 0.7 Transmutations
 + Level 6.4 Earth Magic


You had 9 spell levels left.
You knew the following spells:

 Your Spells              Type           Power      Damage    Failure   Level
a - Sandblast             Erth           54%        2d13      1%          1
b - Passwall              Tmut/Erth      14%        N/A       4%          2
c - Stone Arrow           Conj/Erth      30%        3d8       11%         3

Your spell library contained the following spells:

 Spells                   Type           Power      Damage    Failure   Level
 Summon Small Mammal      Summ           16%        N/A       14%         1
 Lesser Beckoning         Tloc           8%         N/A       21%         2
 Petrify                  Tmut/Erth      17%        N/A       30%         4
 Brom's Barrelling Bould  Conj/Erth      15%        2d4       36%         4
 Call Canine Familiar     Summ           4%         N/A       38%         3
 Dazzling Flash           Conj/Hex       8%         N/A       38%         3
 Gell's Gravitas          Tloc           4%         N/A       38%         3
 Ozocubu's Armour         Ice            4%         N/A       38%         3
 Summon Guardian Golem    Hex/Summ       4%         N/A       38%         3
 Teleport Other           Tloc           4%         N/A       38%         3
 Agony                    Necr           4%         N/A       98%         5
 Metabolic Englaciation   Hex/Ice        2%         N/A       98%         5
 Silence                  Hex/Air        2%         N/A       98%         5
 Simulacrum               Ice/Necr       2%         N/A       100%        6


Dungeon Overview and Level Annotations

Branches:
Dungeon (5/15)
 Temple: D:4-7

Altars:

Annotations:
D:5 Dowan


Innate Abilities, Weirdness & Mutations

You are immune to sickness and miasma.
Your stone body is resilient. (AC +4)
You are immune to poison.
You resist negative energy. (rN+)
You are resistant to electric shocks. (rElec)
You are resistant to unholy torment.
You are immune to petrification.


Message History

Duvessa is moderately wounded.
Duvessa closely misses you. Duvessa closely misses you.
Duvessa barely misses you. Duvessa barely misses you.
Duvessa attacks as she pursues you! Duvessa hits you with a +0 rapier.
Duvessa hits you with a +0 rapier.
Casting: Sandblast (safe; 1% risk of failure)
Confirm with . or Enter, or press ? or * to list all spells.
Aiming: Sandblast (safe; 1% risk of failure)
Press: ? - help, Shift-Dir - straight line, f/p - Duvessa
Aim: Duvessa, wielding a +0 rapier and wearing a +0 ring mail (moderately wounded, fast, 87% to hit)
The blast of sand hits Duvessa!!
Duvessa is almost dead.
Duvessa misses you. Duvessa hits you with a +0 rapier!
* * * LOW HITPOINT WARNING * * *
As you read the scroll labelled SOICIU GEAFF, it crumbles to dust.
You hear a loud clanging noise!
It was a scroll of noise.
Duvessa hits you but does no damage.
Casting: Sandblast (safe; 1% risk of failure)
Confirm with . or Enter, or press ? or * to list all spells.
Aiming: Sandblast (safe; 1% risk of failure)
Press: ? - help, Shift-Dir - straight line, f/p - Duvessa
Aim: Duvessa, wielding a +0 rapier and wearing a +0 ring mail (almost dead, fast, 87% to hit)
The blast of sand hits Duvessa.
Duvessa is almost dead.
Duvessa hits you but does no damage. Duvessa hits you with a +0 rapier.
* * * LOW HITPOINT WARNING * * *
Duvessa hits you but does no damage.
Casting: Sandblast (safe; 1% risk of failure)
Confirm with . or Enter, or press ? or * to list all spells.
Aiming: Sandblast (safe; 1% risk of failure)
Press: ? - help, Shift-Dir - straight line, f/p - Duvessa
Aim: Duvessa, wielding a +0 rapier and wearing a +0 ring mail (almost dead, fast, 87% to hit)
The blast of sand hits Duvessa!
You kill Duvessa!
Dowan screams, "No!
No!"
Dowan seems to find hidden reserves of power!
Dowan casts a spell at you. The stone arrow hits you!
You die...

#.###...#####.#
#.....### ###.#.#
#...# ##..# #.e# .#
#..# #.#
#..##########.#
#..e)@......#.#
#.#######.#.#.# #.#
#...#...# #.#
#.#...#.# #.#
#.#####.......# #..
#.##..........# #..
#.##.##......## #..
#.#...#...[.## #..
#....).....#########..


You could see Dowan (fast).

Vanquished Creatures
  Eustachio (D:4)
  Duvessa (D:5)
  2 ogres (D:4)
  2 hounds (D:4)
  A jelly (D:5)
  An iguana (D:4)
  2 sleepcaps
  3 orc wizards
  5 adders
  3 worms
  6 dart slugs
  13 orcs
  4 endoplasms
  5 giant cockroaches
  9 goblins
  7 hobgoblins
  8 jackals
  A quokka (D:4)
  9 ball pythons
  4 bats
  3 frilled lizards
  4 kobolds
  8 rats
  A spectral goblin (D:1)
103 creatures vanquished.

Notes
Turn   | Place    | Note
-------+----------+-------------------------------------------
     0 | D:1      | Pixllover the Gargoyle Earth Elementalist began the quest
                  | for the Orb.
     0 | D:1      | Reached XP level 1. HP: 10/10 MP: 3/3
    53 | D:1      | Reached skill level 4 in Earth Magic
   129 | D:1      | Reached XP level 2. HP: 13/15 MP: 5/5
   430 | D:1      | Reached XP level 3. HP: 19/19 MP: 3/6
   550 | D:1      | Found a faded altar of an unknown god.
   755 | D:2      | Reached skill level 1 in Long Blades
  1253 | D:3      | Reached XP level 4. HP: 24/24 MP: 5/8
  1991 | D:4      | Noticed Eustachio
  1999 | D:4      | Reached XP level 5. HP: 28/28 MP: 7/9
  2016 | D:4      | Killed Eustachio
  2017 | D:4      | Reached skill level 1 in Fighting
  2017 | D:4      | Reached skill level 5 in Earth Magic
  2017 | D:4      | Reached XP level 6. HP: 7/34 MP: 3/11
  2451 | D:4      | Reached XP level 7. HP: 38/38 MP: 8/13
  2524 | D:4      | Learned a level 2 spell: Passwall
  2528 | D:4      | Learned a level 3 spell: Stone Arrow
  3184 | D:4      | Reached skill level 6 in Earth Magic
  3254 | D:5      | Entered Level 5 of the Dungeon
  3596 | D:5      | Noticed Duvessa
  3596 | D:5      | Noticed Dowan
  3618 | D:5      | Killed Duvessa
  3618 | D:5      | Killed from afar by Dowan

Illustrated notes

Levels and vault maps discovered:
D:1:      giann_bridges, layout_rooms,
          dreamdust_ecumenical_altar_drowned_temple, minmay_misc_feat_x,
          chequers_serial_rivers_micro_d
D:2:      minmay_alternating_diamond, layout_rooms, dreamdust_wishing_well
D:3:      layout_basic, grunt_ministairs_4
D:4:      layout_basic, cheibrodos_sewer_entry_bend, nicolae_titane,
          uniq_eustachio
D:5:      layout_loops_ring, nicolae_overflow_squiral, uniq_duvessa

Skill      XL: |  1  2  3  4  5  6  7 |
---------------+----------------------+-----
Earth Magic    | 4 5 6 |  6.4
Long Blades    | 1 2 3 |  3.0
Dodging        | 2 |  2.6
Spellcasting   | 3 4 |  4.7
Fighting       | 1 |  1.6
Stealth        | |  2.6
Transmutations | |  0.7

Action                     |  1- 3 |  4- 6 |  7- 9 || total
---------------------------+-------+-------+-------++-------
  Melee: Unarmed           |     6 |       |       ||     6
         Great sword       |    70 |    70 |    32 ||   172
   Cast: Sandblast         |    37 |    31 |    55 ||   123
    Use: Scroll            |     5 |     2 |     1 ||     8
   Stab: Sleeping          |     1 |       |       ||     1
 Armour: Robe              |    67 |    89 |    65 ||   221
  Dodge: Dodged            |    75 |    95 |    31 ||   201

Table legend: (Time is in decaauts)
 A = Elapsed time spent in this place.
 B = Non-inter-level travel time spent in this place.
 C = Inter-level travel time spent in this place.
 D = Time resting spent in this place.
 E = Time spent auto-exploring this place.
 F = Levels seen in this place.
 G = Mean time per level.
                   A        B        C        D        E       F      G
               +--------+--------+--------+--------+--------+-----+--------+
         Total |   3796 |   3679 |    117 |    239 |   1649 |   5 |  759.2 |
       Dungeon |   3796 |   3679 |    117 |    239 |   1649 |   5 |  759.2 |
               +--------+--------+--------+--------+--------+-----+--------+

Top non-repeatable levels by time:
     D:4: 1337 daAuts
     D:3: 818 daAuts
     D:1: 656 daAuts
     D:2: 595 daAuts
     D:5: 388 daAuts
